 Dungeon Crawl Stone Soup version 0.21.0 (webtiles) character file.

46 DavoTC the Skirmisher (level 3, -3/33 HPs)
             Began as a Draconian Berserker on Jan 19, 2018.
             Was a Follower of Trog.
             Killed from afar by a white imp (5 damage)
             ... with a puff of frost
             ... summoned by Natasha
             ... on level 2 of the Dungeon.
             The game lasted 00:13:16 (1392 turns).

DavoTC the Skirmisher (Draconian Berserker)         Turns: 1392, Time: 00:13:16

Health: -3/33      AC:  5    Str: 24    XL:     3   Next: 46%
Magic:  3/3        EV: 12    Int:  7    God:    Trog [*.....]
Gold:   43         SH:  4    Dex: 11    Spells: 2/2 levels left

rFire    . . .     SeeInvis .   a - +0 falchion {The Ladykiller}
rCold    . . .     Gourm    .   (no shield)
rNeg     . . .     Faith    .   (armour unavailable)
rPois    +         Spirit   .   (helmet restricted)
rElec    .         Reflect  +   (no cloak)
rCorr    .         Harm     .   (no gloves)
MR       .....                  (no boots)
Stlth    +.........             f - +4 amulet of reflection
HPRegen  0.11/turn              g - ring of poison resistance
MPRegen  0.08/turn              k - +5 ring of strength

@: drained
A: unfitting armour, cold-blooded, AC +5
a: Berserk, Burn Spellbooks, Renounce Religion


You were on level 2 of the Dungeon.
You worshipped Trog.
Trog was aware of your devotion.
You were not hungry.

You visited 1 branch of the dungeon, and saw 2 of its levels.

You collected 43 gold pieces.

Inventory:

Hand Weapons
 a - a +0 falchion (weapon) {The Ladykiller}
 l - a +1 hand axe of flaming
Missiles
 d - 63 stones (quivered)
 e - 16 arrows
Jewellery
 f - a +4 amulet of reflection (around neck)
 g - a ring of poison resistance (left hand)
 k - a +5 ring of strength (right hand)
Scrolls
 i - a scroll of identify {unknown}
 n - a scroll of amnesia {unknown}
 o - a scroll of fear {unknown}
Potions
 c - a potion of haste {unknown}
 h - a potion of ambrosia {unknown}
 j - a potion of mutation {unknown}
 m - a potion of lignification {unknown}
Comestibles
 b - a ration


   Skills:
 + Level 3.7(3.1) Fighting
 + Level 3.6(3.0) Long Blades
 + Level 3.1(2.5) Dodging
 + Level 0.5(0.0) Stealth


You had 2 spell levels left.
You didn't know any spells.

Dungeon Overview and Level Annotations

Branches:
Dungeon (2/15)

Altars:
Elyvilon

Annotations:
D:2 Natasha, Terence


Innate Abilities, Weirdness & Mutations

Your plain brown scales are hard. (AC +5)
You cannot fit into any form of body armour.
You are cold-blooded and may be slowed by cold attacks.


Message History

Terence hits you with a morningstar of draining.
You feel drained. You block the white imp's attack.
You slash Natasha! You tail-slap Natasha.
Natasha is severely wounded.
Natasha stares at you and mumbles some strange words.
The magic dart hits you!
A jackal comes into view.
The jackal barks!
* * * LOW HITPOINT WARNING * * *
Terence barely misses you.
You riposte.
You barely miss Terence. The white imp barely misses you.
You hit Natasha but do no damage.
You tail-slap Natasha, but do no damage.
Natasha is severely wounded.
Natasha casts a spell at you. The magic dart hits you!
* * * LOW HITPOINT WARNING * * *
The white imp gestures at you. The puff of frost hits you!
You die...

.#.### #.. ........
.....###.#########.
#.#...##...........
...#.........[...)
######...#..####......
#.............##.#####
#.#.#.#.#.#.#.##.#
#...@.5.......##.#
#...⌠@....⌠...##.#
#....h.._..........
#....⌠.....⌠...##.#
#..............# #
#..#.#.#.#.#.#.#
.?h.............#
#.#.####.####.### ....
.. .#


You could see Terence, Natasha, a white imp and a jackal.

Vanquished Creatures
  An adder (D:2)
  An ooze (D:2)
  A worm (D:2)
  2 leopard geckos
  2 goblins (D:1)
  3 hobgoblins
  7 jackals (D:1)
  A quokka (D:2)
  A bat (D:2)
  2 frilled lizards (D:1)
  4 kobolds (D:1)
  A rat (D:2)
  A bush (D:1)
  A plant (D:1)
28 creatures vanquished.

Notes
Turn   | Place    | Note
-------+----------+-------------------------------------------
     0 | D:1      | DavoTC the Draconian Berserker began the quest for the Orb.
     0 | D:1      | Reached XP level 1. HP: 19/19 MP: 1/1
   268 | D:1      | Reached XP level 2. HP: 26/26 MP: 2/2
  1226 | D:2      | Reached XP level 3. HP: 30/33 MP: 3/3
  1372 | D:2      | Found a white marble altar of Elyvilon.
  1385 | D:2      | Noticed Natasha
  1385 | D:2      | Noticed Terence
  1392 | D:2      | Killed from afar by a white imp

Skill      XL: |  1  2 |
---------------+-------+-----
Dodging        | 3 |  3.1
Fighting       | |  3.7
Long Blades    | |  3.6
Stealth        | |  0.5

Action                   || total
-------------------------++-------
Melee: Falchion          ||   234
       Tailslap          ||    56
 Stab: Sleeping          ||     1
  Eat: Ration            ||     1
Armor: Skin              ||    21
Dodge: Dodged            ||    56
Block: Other             ||    19
       Reflection        ||     1
       Rpst.: Falchion   ||    22
